 Dungeon Crawl Stone Soup version 0.30.1-4-g462c640d31 (webtiles) character file.

Game seed: 1227036954283752747

4123 Babbit the Zephyrmancer (level 10, -1/72 HPs)
             Began as a Yellow Draconian Air Elementalist on Sept 5, 2023.
             Was a Believer of Sif Muna.
             Slain by a two-headed ogre
             ... wielding a +0 giant club
              (14 damage)
             ... on level 8 of the Dungeon.
             The game lasted 01:15:03 (10406 turns).

Babbit the Zephyrmancer (DrAE)                     Turns: 10406, Time: 01:15:04

Health: -1/72      AC: 14    Str: 10    XL:     10   Next: 6%
Magic:  12/21      EV: 13    Int: 20    God:    Sif Muna [**....]
Gold:   439        SH:  5    Dex: 12    Spells: 14/24 levels left

rFire   . . .        w - +1 whip (flame)
rCold   . . .        (no shield)
rNeg    . . .        (body armour unavailable)
rPois   .            (helmet restricted)
rElec   .            H - +0 cloak
rCorr   +            x - +0 pair of gloves
SInv    .            b - +0 pair of boots
Will    .....        C - amulet of reflection
Stlth   ++           A - +4 ring of protection
HPRegen 0.32/turn    F - ring of wizardry
MPRegen 0.17/turn

%: reflection, wizardry (x1)
@: swift, very quick
A: spit acid, AC +7, unfitting armour, cold-blooded, acid resistance
a: Breathe Acid, Renounce Religion, Channel Magic


You were on level 8 of the Dungeon.
You worshipped Sif Muna.
Sif Muna was pleased with you.
You visited 2 branches of the dungeon, and saw 9 of its levels.
You also visited: Sewer.

You collected 439 gold pieces.

Inventory:

Hand Weapons
 u - a +2 dagger of venom
 w - a +1 whip of flaming (weapon)
 G - a +2 quarterstaff of chaos
Armour
 b - a +0 pair of boots (worn)
 x - a +0 pair of gloves (worn)
 H - a +0 cloak (worn)
Jewellery
 d - a ring of fire
 r - a ring of willpower
 A - a +4 ring of protection (left hand)
 C - an amulet of reflection (around neck)
 F - a ring of wizardry (right hand)
Wands
 l - a wand of polymorph (15)
 q - a wand of flame (56)
 s - a wand of paralysis (11)
 y - a wand of iceblast (21)
Scrolls
 c - a scroll of butterflies
 e - 2 scrolls of fog
 f - a scroll of amnesia
 h - a scroll of teleportation
 k - a scroll of fear
 m - a scroll of magic mapping
 o - a scroll of enchant armour {unknown}
 p - a scroll of noise {unknown}
 t - a scroll of enchant weapon
 B - 2 scrolls of identify
Potions
 a - 3 potions of magic
 g - 4 potions of curing
 i - a potion of might
 j - 2 potions of resistance
 n - a potion of attraction {unknown}
 v - 2 potions of flight {unknown}
 z - a potion of mutation {unknown}
 E - a potion of invisibility {unknown}
 I - a potion of cancellation {unknown}


   Skills:
 + Level 1.5 Fighting
 + Level 1.1 Maces & Flails
 + Level 4.0 Dodging
 + Level 3.3 Stealth
 + Level 0.8 Shields
 + Level 7.9 Spellcasting
 + Level 7.2 Conjurations
 + Level 8.3 Air Magic
 + Level 0.6 Evocations


You had 14 spell levels left.
You knew the following spells:

 Your Spells              Type           Power      Damage    Failure   Level
a - Shock                 Conj/Air       100%       1d9       1%          1
b - Static Discharge      Conj/Air       78%        2-6/arc   1%          2
c - Swiftness             Air            41%        N/A       1%          3
d - Airstrike             Air            20%        2d(3-19)  1%          4

Your spell library contained the following spells:

 Spells                   Type           Power      Damage    Failure   Level
 Cigotuvi's Dreadful Rot  Necr/Pois/Air  38%        N/A       1%          2
 Summon Small Mammal      Summ           28%        N/A       3%          1
 Call Canine Familiar     Summ           7%         N/A       11%         3
 Ozocubu's Armour         Ice            7%         N/A       11%         3
 Portal Projectile        Hex/Tloc       14%        N/A       11%         3
 Summon Guardian Golem    Hex/Summ       7%         N/A       11%         3
 Dispel Undead            Necr           7%         3d8       32%         4
 Leda's Liquefaction      Hex/Erth       3%         N/A       32%         4
 Metabolic Englaciation   Hex/Ice        3%         N/A       65%         5
 Death Channel            Necr           3%         N/A       99%         6
 Simulacrum               Ice/Necr       3%         N/A       99%         6


Dungeon Overview and Level Annotations

Branches:
Dungeon (8/15)             Temple (1/1) D:4           Sewer (visited)
   Lair: D:8-11

Altars:
Cheibriados
Dithmenos
Elyvilon
Fedhas
Gozag
Hepliaklqana
Kikubaaqudgha
Nemelex Xobeh
Okawaru
Ru
Sif Muna
Uskayaw
Vehumet
Wu Jian
Yredelemnul
The Shining One


Innate Abilities, Weirdness & Mutations

You can spit globs of acid.
Your golden yellow scales are hard. (AC +7)
You cannot fit into any form of body armour.
You are cold-blooded and may be slowed by cold attacks.
You are resistant to acid. (rCorr)


Message History

Press: ? - help, Q - select action, (/) - cycle Shift-Dir - straight line, f/p - two-headed ogre
Aim: a two-headed ogre, wielding a +0 giant club and a +0 giant spiked club (lightly wounded, 88% to hit)
The zap hits the two-headed ogre.
The two-headed ogre is lightly wounded.
Aiming: Shock (safe; 1% risk of failure)
Press: ? - help, Q - select action, (/) - cycle Shift-Dir - straight line, f/p - two-headed ogre
Aim: a two-headed ogre, wielding a +0 giant club and a +0 giant spiked club (lightly wounded, 88% to hit)
The zap hits the two-headed ogre but does no damage.
The two-headed ogre is lightly wounded.
The two-headed ogre hits you with a +0 giant club.
The two-headed ogre closely misses you.
Aiming: Shock (safe; 1% risk of failure)
Press: ? - help, Q - select action, (/) - cycle Shift-Dir - straight line, f/p - two-headed ogre
Aim: a two-headed ogre, wielding a +0 giant club and a +0 giant spiked club (lightly wounded, 88% to hit)
The zap hits the two-headed ogre.
The two-headed ogre is moderately wounded.
The two-headed ogre hits you with a +0 giant club!
The two-headed ogre hits you with a +0 giant spiked club!
Casting: Shock (safe; 1% risk of failure)
Confirm with . or Enter, or press ? or * to list all spells.
The two-headed ogre is struck by an arc of lightning.
The two-headed ogre is moderately wounded.
You are struck by an arc of lightning.
The lightning grounds out.
Aiming: Shock (safe; 1% risk of failure)
Press: ? - help, Q - select action, (/) - cycle Shift-Dir - straight line, f/p - two-headed ogre
Aim: a two-headed ogre, wielding a +0 giant club and a +0 giant spiked club (moderately wounded, 88% to hit)
The zap hits the two-headed ogre.
The two-headed ogre is heavily wounded.
The two-headed ogre misses you.
The two-headed ogre hits you with a +0 giant spiked club!!
* * * LOW HITPOINT WARNING * * *
Okay, then.
Casting: Shock (safe; 1% risk of failure)
Confirm with . or Enter, or press ? or * to list all spells.
You feel quick.
The two-headed ogre hits you with a +0 giant club.
* * * LOW HITPOINT WARNING * * *
The two-headed ogre barely misses you.
The two-headed ogre hits you with a +0 giant club!
You die...

#... #.#.....#
#..#.#.....#
#>...#########
####.#.......#
#.#....##.#####
#.#.....#.....#
#.#.##..#.###.#
#O#.##<.#####.#
#.#.##..@.....#
#.#.#....O..###
#....######.#
###### #.####
#....# ###
####.# #<#
#.#####.#
#.......#
#########


You could see a two-headed ogre.

Vanquished Creatures
  Pikel (D:5)
  Prince Ribbit (D:5)
  A yak (D:7)
  2 wyverns (D:7)
  Eustachio (D:5)
  A water moccasin (D:4)
  3 ice beasts
  An ogre (D:5)
  3 black bears
  A lemure (D:5)
  2 phantoms
  8 bullfrogs
  5 scorpions
  3 wights
  3 howler monkeys
  A jelly (D:5)
  5 hounds
  2 quasits (D:5)
  4 orc priests
  Crazy Yiuf (D:7)
  3 iguanas (D:5)
  6 orc wizards
  7 adders
  6 gnolls
  2 shadow imps (D:5)
  2 white imps
  An ufetubus (D:5)
  7 worms
  4 dart slugs
  20 orcs
  12 ball pythons
  7 bats
  8 endoplasms
  10 giant cockroaches
  5 goblins
  7 hobgoblins
  10 kobolds
  10 quokkas
  11 frilled lizards
  4 rats
191 creatures vanquished.

Notes
Turn   | Place    | Note
-------+----------+-------------------------------------------
     0 | D:1      | Babbit the Draconian Air Elementalist began the quest for
                  | the Orb.
     0 | D:1      | Reached XP level 1. HP: 14/14 MP: 3/3
   296 | D:1      | Found a faded altar of an unknown god.
   386 | D:1      | Reached XP level 2. HP: 20/20 MP: 1/5
  1123 | D:2      | Reached XP level 3. HP: 26/26 MP: 0/6
  1538 | D:2      | Reached skill level 1 in Maces & Flails
  1811 | D:2      | Reached XP level 4. HP: 34/34 MP: 3/7
  2430 | D:2      | Reached XP level 5. HP: 38/39 MP: 5/9
  2512 | D:2      | Learned a level 2 spell: Static Discharge
  2558 | D:3      | Reached skill level 4 in Air Magic
  3777 | D:4      | Found a blossoming altar of Fedhas.
  3778 | D:4      | Found a glowing golden altar of the Shining One.
  4158 | D:4      | Found a staircase to the Ecumenical Temple.
  4330 | Temple   | Entered the Ecumenical Temple
  4387 | Temple   | Became a worshipper of Sif Muna the Loreminder
  4452 | D:4      | Noticed a water moccasin
  4498 | D:4      | Killed a water moccasin
  4499 | D:4      | Reached XP level 6. HP: 28/46 MP: 0/11
  4593 | D:4      | Learned a level 3 spell: Swiftness
  4603 | D:4      | Found a white marble altar of Elyvilon.
  4904 | D:4      | Found an ancient bone altar of Kikubaaqudgha.
  5188 | D:4      | Reached skill level 5 in Air Magic
  5478 | D:5      | Entered Level 5 of the Dungeon
  5488 | D:5      | Noticed an ice beast
  5505 | D:5      | Killed an ice beast
  5506 | D:5      | Your scales start taking on a golden yellow colour.
  5506 | D:5      | Reached XP level 7. HP: 24/51 MP: 0/13
  5506 | D:5      | Gained mutation: You are resistant to acid. (rCorr) [Yellow
                  | Draconian growth]
  5830 | D:5      | Noticed Pikel
  5844 | D:5      | Killed Pikel
  5845 | D:5      | Reached skill level 1 in Fighting
  5845 | D:5      | Reached skill level 5 in Spellcasting
  5845 | D:5      | Reached XP level 8. HP: 54/59 MP: 1/15
  5949 | D:5      | Reached skill level 6 in Air Magic
  6261 | D:5      | Noticed Eustachio
  6279 | D:5      | Killed Eustachio
  6280 | D:5      | Reached skill level 5 in Conjurations
  6975 | D:6      | Noticed Prince Ribbit
  6994 | D:5      | Killed Prince Ribbit
  6994 | D:5      | Reached * piety under Sif Muna
  6995 | D:5      | Reached skill level 7 in Air Magic
  7090 | D:5      | Reached XP level 9. HP: 63/64 MP: 14/18
  7246 | D:6      | Found a sacrificial altar of Ru.
  7443 | D:6      | Found a glowing drain.
  7495 | Sewer    | Entered a sewer
  7889 | Sewer    | Reached ** piety under Sif Muna
  9150 | D:7      | Reached skill level 8 in Air Magic
  9222 | D:7      | Learned a level 4 spell: Airstrike
  9432 | D:7      | Found a runed translucent door.
  9433 | D:7      | Noticed Crazy Yiuf
  9441 | D:7      | Killed Crazy Yiuf
  9866 | D:7      | Reached XP level 10. HP: 72/72 MP: 15/21
 10175 | D:8      | Noticed a two-headed ogre
 10406 | D:8      | Slain by a two-headed ogre

Illustrated notes

Levels and vault maps discovered:
D:1:      matt_arrival_diagonals, layout_basic,
          shapermc_ecumenical_altar_totnotflames
D:2:      minmay_diamond_boxcup, layout_loops_ring
D:3:      minmay_spotlight, layout_basic, minmay_unequal
D:4:      layout_loops_ring, mainiacjoe_overflow_catwalk_spiral,
          mainiacjoe_overflow_divided_tiny,
          minmay_temple_entry_statues_fountains
D:5:      layout_loops_ring, serial_demonic, serial_demonic_a, serial_demonic_f,
          serial_demonic_b, serial_demonic_f, st_stairs_14, uniq_pikel,
          uniq_eustachio
D:6:      layout_basic, mainiacjoe_overflow_cross_hatched,
          cheibrodos_sewer_entry_bend, kennysheep_generic_room_9,
          uniq_prince_ribbit1
D:7:      layout_loops_ring, uniq_crazy_yiuf_cottage
D:8:      layout_basic
Temple:   minmay_crystal_spiral_temple

Skill      XL: |  1  2  3  4  5  6  7  8  9 |
---------------+----------------------------+-----
Stealth        | 2 3 |  3.3
Dodging        | 2 3 4 |  4.0
Maces & Flails | 1 |  1.1
Conjurations   | 2 3 4 5 7 |  7.2
Air Magic      | 4 5 7 8 |  8.3
Spellcasting   | 3 4 5 6 7 |  7.9
Fighting       | 1 |  1.5
Shields        | |  0.8
Evocations     | |  0.6

Action                     |  1- 3 |  4- 6 |  7- 9 | 10-12 || total
---------------------------+-------+-------+-------+-------++-------
  Melee: Whip              |    13 |    13 |     2 |       ||    28
         Tailslap          |     1 |     2 |     1 |       ||     4
   Cast: Shock             |    74 |   172 |   354 |    15 ||   615
         Static Discharge  |       |       |     6 |     8 ||    14
         Airstrike         |       |       |     1 |     1 ||     2
         Swiftness         |       |       |       |     1 ||     1
Ability: Breathe Acid      |       |       |     1 |       ||     1
  Evoke: Wand              |       |       |     6 |       ||     6
    Use: Scroll            |     3 |       |     9 |     1 ||    13
         Potion            |       |     1 |       |       ||     1
 Armour: Skin              |     5 |    16 |    57 |     3 ||    81
  Dodge: Dodged            |     9 |    44 |    91 |     6 ||   150
  Block: Other             |       |       |    13 |     3 ||    16
